 Dungeon Crawl Stone Soup version 0.27.1-3-gb3d3a73c9e (webtiles) character file.

Game seed: 6369173664248089705

168 barney the Changer (level 5, -2/60 HPs)
             Began as a Draconian Transmuter on Oct 5, 2021.
             Slain by a phantom (3 damage)
             ... on level 2 of the Dungeon.
             The game lasted 00:03:06 (2561 turns).

barney the Changer (Draconian Transmuter)           Turns: 2561, Time: 00:03:06

Health: -2/60      AC: 22    Str: 12    XL:     5   Next: 23%
Magic:  8/8        EV:  2    Int: 14    God:
Gold:   58         SH:  0    Dex: 12    Spells: 2/8 levels left

rFire    . . .     SeeInvis .   c - +0 double sword
rCold    . . .     Faith    .   (no shield)
rNeg     + + +     Spirit   .   (armour unavailable)
rPois    +         Reflect  .   (helmet currently unavailable)
rElec    .         Harm     .   (cloak currently unavailable)
rCorr    .         Rampage  .   (gloves currently unavailable)
Will     .....     NoTele   +   (boots currently unavailable)
Stlth    +.........             (no amulet)
HPRegen  0.20/turn              (no ring)
MPRegen  0.11/turn              (no ring)

@: tree-form
A: stationary, stasis, torment immunity, boosted hp, AC +5, unfitting armour,
(cold-blooded)
a: no special abilities


You were on level 2 of the Dungeon.
You were a tree.
You visited 1 branch of the dungeon, and saw 3 of its levels.

You collected 58 gold pieces.

Inventory:

Hand Weapons
 c - a +0 double sword (weapon)
Armour
 a - a +0 pair of boots (melded)
Scrolls
 d - a scroll of identify
Potions
 b - a potion of lignification


   Skills:
 - Level 1.1 Fighting
 - Level 1.7 Dodging
 - Level 3.0 Unarmed Combat
 - Level 2.0 Spellcasting
 + Level 5.5 Transmutations


You had 2 spell levels left.
You knew the following spells:

 Your Spells              Type           Power      Damage    Failure   Level
a - Beastly Appendage     Tmut           32%        N/A       2%          1
b - Spider Form           Tmut/Pois      4%         N/A       22%         3
c - Wereblood             Tmut           16%        N/A       3%          2

Your spell library contained the following spells:

 Spells                   Type           Power      Damage    Failure   Level
 Slow                     Hex            1%         N/A       34%         2
 Confusing Touch          Hex            1%         N/A       56%         3
 Ice Form                 Ice/Tmut       9%         N/A       58%         4
 Yara's Violent Unravell  Hex/Tmut       4%         3d4       91%         5


Dungeon Overview and Level Annotations

Branches:
Dungeon (3/15)

Altars:

Shops:
D:1 ?


Innate Abilities, Weirdness & Mutations

You are a tree.
Your roots penetrate the ground, keeping you stationary.
You cannot be teleported.
You are immune to unholy pain and torment.
Your maximum health is greatly increased.
Your equipment is partially melded.
((Your plain brown scales are hard. (AC +5)))
You cannot fit into any form of body armour.
((You are cold-blooded and may be slowed by cold attacks.))


Message History

The phantom is moderately damaged.
The phantom hits you!
* * * LOW HITPOINT WARNING * * *
The phantom blinks!
You blink.
Your transformation has ended.
Your +0 double sword unmelds from your body.
Your +0 pair of boots unmelds from your body.
As you read the scroll labelled LEJINAD BONIYN, it crumbles to dust.
It is a scroll of identify.
b - 2 potions of lignification The phantom hits you.
* * * LOW HITPOINT WARNING * * *
The phantom blinks!
You blink.
Really quaff the potion of lignification?
You turn into a tree.
Your +0 pair of boots melds into your body.
Your roots penetrate the ground.
The phantom hits you but does no damage.
Unknown command.
You barely miss the phantom.
The phantom is moderately damaged.
The phantom hits you but does no damage.
You miss the phantom.
The phantom is moderately damaged.
The phantom hits you.
* * * LOW HITPOINT WARNING * * *
The phantom hits you but does no damage.
You slash the phantom!
The phantom is heavily damaged.
The phantom hits you but does no damage.
You closely miss the phantom.
The phantom is heavily damaged.
The phantom hits you.
* * * LOW HITPOINT WARNING * * *
The phantom barely misses you.
You riposte.
You closely miss the phantom.
The phantom is heavily damaged.
You slash the phantom!
The phantom is severely damaged.
The phantom hits you.
You die...

#.....##########.#
'.....# #.# #.....# #.#
#.....# #.# #.###.# #.#
#.###.##########.#######
...........§oo.o....§)>#
#.#.#.##########W#######
#.#.#.#
#♣################
#.#.#.#
#.................
#.....#
##################
..#.#.# #.#.#.# ..#.#.#
###.#.# # #.#.# # #.#.#


You could see a phantom and an orc.

Vanquished Creatures
  Natasha (thrice) (D:2)
  Terence (D:2)
  An adder (D:2)
  An adder skeleton (D:2)
  5 dart slugs
  An orc (D:2)
  A bat (D:1)
  5 endoplasms
  A giant cockroach (D:1)
  3 goblins
  5 hobgoblins (D:1)
  4 jackals (D:1)
  2 quokkas
  6 ball pythons
  5 frilled lizards (D:1)
  6 rats
50 creatures vanquished.

Notes
Turn   | Place    | Note
-------+----------+-------------------------------------------
     0 | D:1      | barney the Draconian Transmuter began the quest for the
                  | Orb.
     0 | D:1      | Reached XP level 1. HP: 16/16 MP: 3/3
    78 | D:1      | Reached XP level 2. HP: 8/23 MP: 3/5
   321 | D:1      | Reached skill level 3 in Transmutations
   509 | D:1      | Reached XP level 3. HP: 12/28 MP: 4/6
   918 | D:1      | Found Ibutruclul's Magic Scroll Shop.
  1276 | D:2      | Noticed Terence
  1276 | D:2      | Noticed Natasha
  1460 | D:2      | Learned a level 3 spell: Spider Form
  1463 | D:2      | Learned a level 2 spell: Wereblood
  1578 | D:2      | Reached skill level 4 in Transmutations
  1589 | D:2      | Killed Natasha
  1590 | D:2      | Reached XP level 4. HP: 12/35 MP: 3/7
  1688 | D:2      | Noticed Natasha
  1695 | D:2      | Killed Natasha
  1887 | D:2      | Killed Terence
  1888 | D:2      | Reached skill level 5 in Transmutations
  1930 | D:2      | Noticed Natasha
  1937 | D:2      | Killed Natasha
  1938 | D:2      | Reached XP level 5. HP: 21/40 MP: 4/8
  2500 | D:3      | Noticed a phantom
  2560 | D:2      | HP: 1/60 [phantom (6)]
  2561 | D:2      | Slain by a phantom

Illustrated notes

Levels and vault maps discovered:
D:1:      lemuel_arrival_tunnels, layout_rooms, serial_shops,
          nicolae_diamond_shop
D:2:      layout_basic, uniq_terence, uniq_natasha
D:3:      layout_rooms, old_standard_altar, led_sif_pool,
          minmay_shallow_snake_nest, uniq_grinder, uniq_ijyb, uniq_jessica

Skill      XL: |  1  2  3  4 |
---------------+-------------+-----
Transmutations | 3 4 5 |  5.5
Fighting       | |  1.1
Dodging        | |  1.7
Unarmed Combat | |  3.0
Spellcasting   | |  2.0

Action                   |  1- 3 |  4- 6 || total
-------------------------+-------+-------++-------
Melee: Unarmed           |    89 |    28 ||   117
       Kick              |    16 |     3 ||    19
       Tailslap          |     8 |       ||     8
       Headbutt          |     9 |     1 ||    10
       Double sword      |     7 |     9 ||    16
       Punch             |     1 |       ||     1
 Cast: Beastly Appendage |    20 |     3 ||    23
       Spider Form       |     1 |     6 ||     7
  Use: Scroll            |     1 |     1 ||     2
       Potion            |       |     1 ||     1
Armor: Skin              |    31 |    10 ||    41
Dodge: Dodged            |    78 |    26 ||   104
       Rpst.: Double sword |     5 |     2 ||     7
